 Dungeon Crawl Stone Soup version 0.26-a0-1213-gd52f5182fe (webtiles) character file.

Game seed: 13532639691172647231

468 RedPan the Ruffian (level 6, -4/47 HPs)
             Began as a Draconian Transmuter on Dec 30, 2020.
             Slain by a worker ant (6 damage)
             ... on level 4 of the Dungeon.
             The game lasted 00:06:52 (4220 turns).

RedPan the Ruffian (Draconian Transmuter)           Turns: 4220, Time: 00:06:52

Health: -4/47      AC:  6    Str: 13    XL:     6   Next: 81%
Magic:  4/10       EV: 12    Int: 14    God:
Gold:   185        SH:  0    Dex: 12    Spells: 4/10 levels left

rFire    . . .     SeeInvis .     - Unarmed
rCold    . . .     Faith    .   (no shield)
rNeg     . . .     Spirit   .   (armour unavailable)
rPois    .         Reflect  .   (helmet restricted)
rElec    .         Harm     .   (no cloak)
rCorr    .         Rampage  .   (no gloves)
Will     .....                  (no boots)
Stlth    +.........             (no amulet)
HPRegen  0.15/turn              (no ring)
MPRegen  0.12/turn              (no ring)

@: lethally poisoned (-4 -> -6), attractive, flying, very slightly contaminated
A: unfitting armour, cold-blooded, AC +6
a: no special abilities


You were on level 4 of the Dungeon.
You visited 1 branch of the dungeon, and saw 4 of its levels.

You collected 185 gold pieces.

Inventory:

Jewellery
 a - a +6 ring of intelligence
Wands
 l - a wand of flame (21)
Scrolls
 b - a scroll of enchant weapon
 c - a scroll of enchant armour
 d - 5 scrolls of teleportation
 f - a scroll of identify
 i - a scroll of remove curse
 k - a scroll of amnesia {unknown}
 m - a scroll of blinking {unknown}
Potions
 g - a potion of brilliance
 h - a potion of attraction
 n - a potion of lignification {unknown}


   Skills:
 - Level 1.1 Fighting
 - Level 2.0 Dodging
 * Level 6.0 Unarmed Combat
 + Level 2.7 Spellcasting
 + Level 4.0 Transmutations
 - Level 2.0 Poison Magic


You had 4 spell levels left.
You knew the following spells:

 Your Spells              Type           Power        Failure   Level
a - Beastly Appendage     Tmut           26%          4%          1
b - Spider Form           Tmut/Pois      5%           19%         3
c - Wereblood             Tmut           13%          6%          2

Your spell library contained the following spells:

 Spells                   Type           Power        Failure   Level
 Ice Form                 Ice/Tmut       7%           67%         4
 Blade Hands              Tmut           6%           75%         5


Dungeon Overview and Level Annotations

Branches:
Dungeon (4/15)
 Temple: D:4-7

Altars:
Elyvilon
Xom


Innate Abilities, Weirdness & Mutations

Your plain brown scales are hard. (AC +6)
You cannot fit into any form of body armour.
You are cold-blooded and may be slowed by cold attacks.


Message History

You are poisoned.
The worker ant poisons you!
Unknown command.
It was a potion of attraction.
You feel attractive to monsters.
You feel sick.
The worker ant bites you but does no damage.
Casting: Spider Form (dangerous; 19% risk of failure)
Confirm with . or Enter, or press ? or * to list all spells.
You miscast Spider Form.
You are very lightly contaminated with residual magic.
Nothing appears to happen.
The worker ant bites you.
* * * LOW HITPOINT WARNING * * *
Unknown command.
It was a potion of flight.
You feel very buoyant.
You fly up into the air.
* * * LOW HITPOINT WARNING * * *
You feel sick. The worker ant bites you.
You die...

##.#######.. ##### .
.#.###...##. ##...##
....#.....#####.....#
....#...............#
..###.....#####.....#
..#.##...##...##...##
.....##.##.....##.##
..#..##.#......†#†#
.##<..'.#...|..B@.#
....#.#.#......)#.#
##...##.##.....##.##
#..##...##...# ...##
#.##.....#####.....#
.>. #......)).......#
... #.....#####.....#
..# ##...## ##...##
##### ###


You could see a worker ant.

Vanquished Creatures
  An ogre (D:3)
  A howler monkey (D:4)
  3 hounds (D:4)
  An orc priest (D:4)
  An orc wizard (D:4)
  An iguana (D:4)
  3 gnolls
  5 adders
  An ooze (D:1)
  A dart slug (D:4)
  A leopard gecko (D:1)
  4 orcs
  3 ball pythons
  11 bats
  2 giant cockroaches
  15 goblins
  9 hobgoblins
  2 quokkas
  6 frilled lizards
  15 kobolds
  2 leopard gecko skeletons (D:4)
  12 rats
100 creatures vanquished.

Vanquished Creatures (others)
  8 plants (D:4)
8 creatures vanquished.

Grand Total: 108 creatures vanquished

Notes
Turn   | Place    | Note
-------+----------+-------------------------------------------
     0 | D:1      | RedPan the Draconian Transmuter began the quest for the
                  | Orb.
     0 | D:1      | Reached XP level 1. HP: 16/16 MP: 3/3
   357 | D:1      | Reached XP level 2. HP: 19/23 MP: 1/5
   762 | D:1      | Reached XP level 3. HP: 28/28 MP: 6/6
   839 | D:1      | Learned a level 3 spell: Spider Form
   842 | D:1      | Learned a level 2 spell: Wereblood
  1561 | D:2      | Reached skill level 4 in Unarmed Combat
  1882 | D:2      | Reached XP level 4. HP: 19/35 MP: 5/7
  2101 | D:2      | Reached skill level 1 in Poison Magic
  2384 | D:3      | Found a white marble altar of Elyvilon.
  3002 | D:3      | Found a shimmering altar of Xom.
  3332 | D:3      | Noticed an ogre
  3346 | D:3      | Killed an ogre
  3347 | D:3      | Reached skill level 5 in Unarmed Combat
  3347 | D:3      | Reached XP level 5. HP: 21/40 MP: 5/8
  3794 | D:3      | Reached XP level 6. HP: 47/47 MP: 7/9
  4215 | D:4      | Reached skill level 6 in Unarmed Combat
  4220 | D:4      | HP: 2/47 [poisoned by a worker ant]
  4220 | D:4      | Slain by a worker ant

Illustrated notes

Levels and vault maps discovered:
D:1:      saegor_arrival_simple_d, layout_loops_corners, grunt_decor_arrowhead
D:2:      layout_basic, wad_floor_pattern_untrapped
D:3:      minmay_diamond_boxcup, layout_basic, lemuel_crystal_altar,
          lemuel_crystal_altar, minmay_ogre_servants
D:4:      minmay_octagon_keep, layout_cave_pools, serial_glass, glass_columns_b,
          glass_columns_c, feat_on_display, chequers_big_river

Skill      XL: |  1  2  3  4  5  6 |
---------------+-------------------+-----
Dodging        | 2 |  2.0
Unarmed Combat | 4 5 6 |  6.0
Poison Magic   | 2 |  2.0
Transmutations | 3 4 |  4.0
Fighting       | |  1.1
Spellcasting   | |  2.7

Action                   |  1- 3 |  4- 6 || total
-------------------------+-------+-------++-------
Melee: Unarmed           |   108 |   140 ||   248
       Kick              |    16 |    21 ||    37
       Headbutt          |     6 |     7 ||    13
       Tailslap          |     6 |    15 ||    21
       Punch             |       |     2 ||     2
 Cast: Beastly Appendage |    19 |    17 ||    36
       Wereblood         |       |     4 ||     4
       Spider Form       |       |     1 ||     1
  Use: Scroll            |     8 |     1 ||     9
       Potion            |       |     4 ||     4
 Stab: Sleeping          |       |     2 ||     2
Armor: Skin              |    36 |    20 ||    56
Dodge: Dodged            |    91 |    81 ||   172

Table legend: (Time is in decaauts)
 A = Elapsed time spent in this place.
 B = Non-inter-level travel time spent in this place.
 C = Inter-level travel time spent in this place.
 D = Time resting spent in this place.
 E = Time spent auto-exploring this place.
 F = Levels seen in this place.
 G = Mean time per level.
                   A        B        C        D        E       F      G
               +--------+--------+--------+--------+--------+-----+--------+
         Total |   4199 |   4100 |     99 |   1030 |   2476 |   4 | 1049.8 |
       Dungeon |   4199 |   4100 |     99 |   1030 |   2476 |   4 | 1049.8 |
               +--------+--------+--------+--------+--------+-----+--------+

Top non-repeatable levels by time:
     D:1: 1293 daAuts
     D:3: 1251 daAuts
     D:2: 1047 daAuts
     D:4: 607 daAuts
